 Dungeon Crawl Stone Soup version 0.27-a0-1502-g47ed6a6988 (webtiles) character file.

Game seed: 17434599095000955193

76 Sobieck the Chopper (level 4, -14/33 HPs)
             Began as a Formicid Gladiator on July 8, 2021.
             Killed from afar by a steam dragon (19 damage)
             ... with a ball of steam
             ... on level 3 of the Dungeon.
             The game lasted 00:03:45 (2172 turns).

Sobieck the Chopper (Formicid Gladiator)            Turns: 2172, Time: 00:03:46

Health: -14/33     AC:  7    Str: 19    XL:     4   Next: 57%
Magic:  4/4        EV: 11    Int:  8    God:
Gold:   82         SH:  0    Dex: 12    Spells: 3/3 levels left

rFire    . . .     SeeInvis +   a - +0 war axe {axe}
rCold    . . .     Faith    .   (no shield)
rNeg     + . .     Spirit   .   f - +0 ring mail
rPois    .         Reflect  .   (helmet unavailable)
rElec    .         Harm     .   p - +0 cloak
rCorr    .         Rampage  .   (no gloves)
Will     .....                  n - +0 pair of boots
Stlth    +.........             (no amulet)
HPRegen  0.11/turn              r - ring of positive energy
MPRegen  0.09/turn              (no ring)

@: mighty
A: permanent stasis, dig shafts and tunnels, antennae 3, four strong arms
a: Dig, Shaft Self


You were on level 3 of the Dungeon.
You visited 1 branch of the dungeon, and saw 4 of its levels.

You collected 82 gold pieces.


Innate Abilities, Weirdness & Mutations

You cannot be hasted, slowed, berserked, paralysed or teleported.
You can dig through walls and to a lower floor.
You have a pair of large antennae on your head. (SInv)
Your four strong arms can wield two-handed weapons with a shield.


   Skills:
 - Level 2.1 Fighting
 + Level 5.0 Axes
 - Level 2.0 Throwing
 - Level 2.6 Dodging


You had 3 spell levels left.
You didn't know any spells.
Your spell library contained the following spells:

 Spells                   Type           Power      Damage    Failure   Level
 Passwall                 Tmut/Erth      0%         N/A       75%         2
 Invisibility             Hex            0%         N/A       100%        6
 Swiftness                Air            Unusable   N/A       N/A         3

Inventory:

Hand Weapons
 a - a +0 war axe (weapon) {axe}
 m - a +2 dagger of venom {short}
   (You found it on level 1 of the Dungeon)
 w - a +0 morningstar {mace}
   (You took it off an orc on level 3 of the Dungeon)
Missiles
 b - 6 poisoned darts {throwing}
 c - 3 throwing nets (quivered) {=f!fthrowing}
 d - 25 arrows
 e - 19 stones {throwing}
 l - 50 bolts
Armour
 f - a +0 ring mail (worn)
   (You found it on level 1 of the Dungeon)
 i - a +0 plate armour
   (You found it on level 1 of the Dungeon)
 n - a +0 pair of boots (worn)
   (You found it on level 1 of the Dungeon)
 p - a +0 cloak (worn)
   (You found it on level 2 of the Dungeon)
Jewellery
 r - a ring of positive energy (left hand)
   (You found it on level 2 of the Dungeon)
Wands
 o - a wand of flame (22)
   (You found it on level 2 of the Dungeon)
Scrolls
 g - a scroll of holy word {unknown}
 h - 3 scrolls of identify {unknown}
 k - a scroll of silence {unknown}
 q - a scroll of immolation {unknown}
 u - 2 scrolls of teleportation {unknown}
Potions
 s - a potion of degeneration {unknown}
 t - a potion of invisibility {unknown}
 v - a potion of curing {unknown}

Dungeon Overview and Level Annotations

Branches:
Dungeon (4/15)
 Temple: D:4-7

Altars:

Annotations:
D:4 Menkaure

#.## ##)# #######.##
#.......# #.#####.#
##### #.# #.# #...# #.#
#.# #.#.####.# #.#######
#.#....@.# #.......#
#.####D#############.#
#.# ##............#<###
#.#####.#######........†
#..........# #...###..##
#######)...# #........#.
#....# #.#...#..#.
####...D###.#...####.
...
#...........#........


You could see a steam dragon (catching breath).


Message History

You take 1 damage, and now have 13/33 hp.
The goblin hits you but does no damage.
You extend your mandibles.
You dig through the rock wall.
The goblin misses you.
Found a stone staircase leading down.
You retract your mandibles.
There is a stone staircase leading down here.
The goblin hits you but does no damage.
You climb downwards.
Level annotation: Menkaure
There is a stone staircase leading up here.
You slash the goblin!
You kill the goblin!
You start resting.
Menkaure is nearby! 😨 HP[+1]
You climb upwards.
There is a stone staircase leading down here. 😨 HP[+1]
You extend your mandibles.
You dig through the rock wall. 😨 HP[+1]
You dig through the rock wall.
It was a potion of might.
You feel very mighty all of a sudden.
You retract your mandibles.
You closely miss the orc. The orc hits you with a +0 morningstar.
* * * LOW HITPOINT WARNING * * *
The orc closely misses you. 😨 HP[-4]
You take 4 damage, and now have 12/33 hp.
You slash the orc!
You kill the orc!
The orc hits you but does no damage.
Your Axes skill increases to level 5!
You closely miss the orc. The orc closely misses you.
You slash the orc!
You kill the orc!
You slash the orc!
You kill the orc! 😨 HP[+1]
You start resting.
You feel a little less mighty now. 😎 HP[+20]
Your hp is fully restored (33).
h - 3 scrolls labelled LOFEYQ XURHYNT (gained 1)
v - a fizzy white potion
Things that are here:
a +0 club {mace}; a +0 mace {mace}; a +0 morningstar {mace}
w - a +0 morningstar {mace}
There is a stone staircase leading down here.
Things that are here:
a +0 flail {mace}; an orc skeleton
Things that are here:
a +0 flail {mace}; an orc skeleton The steam dragon hisses angrily.
A steam dragon is nearby!
Things that are here:
a +0 flail {mace}; an orc skeleton
There is a stone staircase leading down here.
You start waiting.
A steam dragon is nearby!
You closely miss the steam dragon. The steam dragon barely misses you.
The steam dragon claws you but does no damage.
The steam dragon breathes steam at you. The ball of steam hits you! 😮 HP[-13]
You take 13 damage, and now have 20/33 hp.
MASSIVE DAMAGE!! (PAUSE)
You barely miss the steam dragon.
You are engulfed in a cloud of scalding steam.
The steam dragon closely misses you. x2
You hit the steam dragon but do no damage.
You are engulfed in a cloud of scalding steam.
* * * LOW HITPOINT WARNING * * *
The steam dragon barely misses you.
The steam dragon closely misses you. 😨 HP[-8]
You take 8 damage, and now have 12/33 hp.
MASSIVE DAMAGE!! (PAUSE)
You hit the steam dragon but do no damage.
You are engulfed in a cloud of scalding steam.
* * * LOW HITPOINT WARNING * * *
The steam dragon completely misses you.
The steam dragon closely misses you. x3 😨 HP[-2]
You take 2 damage, and now have 10/33 hp.
You feel very mighty all of a sudden. The steam dragon barely misses you.
The steam dragon claws you.
* * * LOW HITPOINT WARNING * * *
😨 HP[-1]
You take 1 damage, and now have 9/33 hp.
You closely miss the steam dragon. The steam dragon misses you.
The steam dragon claws you.
* * * LOW HITPOINT WARNING * * *
😱 HP[-4]
You take 4 damage, and now have 5/33 hp.
Your ring mail prevents you from hitting the steam dragon.
The steam dragon breathes steam at you. The ball of steam hits you!!
Ouch! That really hurt!
You die...

Skill      XL: |  1  2  3  4 |
---------------+-------------+-----
Axes           | 4 5 |  5.0
Fighting       | |  2.1
Throwing       | |  2.0
Dodging        | |  2.6

Action                   |  1- 3 |  4- 6 || total
-------------------------+-------+-------++-------
Melee: War axe           |    85 |    24 ||   109
 Abil: Dig               |     1 |     2 ||     3
  Use: Potion            |       |     2 ||     2
Armor: Leather armour    |     5 |       ||     5
       Ring mail         |    27 |    15 ||    42
Dodge: Dodged            |    77 |    19 ||    96

Levels and vault maps discovered:
D:1:      minmay_arrival_radiant_lines, layout_loops_ring,
          hellmonk_ecumenical_altar_run_dry, corexii_hall_statues_s,
          minmay_pentomino_z4
D:2:      layout_basic
D:3:      layout_basic, kennysheep_boxes
D:4:      layout_loops_ring, ashenzari_altar_1, dancing_weapons_uskayaw,
          serial_shops, nicolae_diamond_shop, minmay_circle_x,
          uniq_crazy_yiuf_cottage, uniq_menkaure, uniq_sigmund, uniq_robin

Notes
Turn   | Place    | Note
-------+----------+-------------------------------------------
     0 | D:1      | Sobieck the Formicid Gladiator began the quest for the Orb.
     0 | D:1      | Reached XP level 1. HP: 16/16 MP: 1/1
     0 | D:1      | magus.rc [v1.9.6]
   320 | D:1      | Reached XP level 2. HP: 19/22 MP: 2/2
   358 | D:1      | You pick up a book of Burglary and begin reading...
   358 | D:1      | You add the spells Passwall and Invisibility to your
                  | library.
   634 | D:1      | Found a faded altar of an unknown god.
  1080 | D:2      | Reached skill level 4 in Axes
  1080 | D:2      | Reached XP level 3. HP: 27/27 MP: 3/3
  1411 | D:3      | Reached XP level 4. HP: 26/33 MP: 4/4
  1822 | D:4      | Noticed Menkaure
  1898 | D:3      | Noticed a steam dragon
  1930 | D:3      | Reached skill level 5 in Axes
  2171 | D:3      | HP: 5/33 [steam dragon (4)]
  2172 | D:3      | Killed from afar by a steam dragon

Vanquished Creatures
  A centaur skeleton (D:3)
  An adder (D:3)
  3 orcs (D:3)
  2 bats (D:1)
  2 endoplasms (D:1)
  3 giant cockroaches
  A goblin (D:4)
  2 hobgoblins (D:2)
  2 jackals (D:3)
  3 quokkas
  4 ball pythons
  4 frilled lizards
  A kobold (D:2)
  6 rats
35 creatures vanquished.

Vanquished Creatures (others)
  An orc (D:3)
1 creature vanquished.

Grand Total: 36 creatures vanquished

Table legend:
 A = Non-vault XP
 B = Vault XP
 C = Vault XP percentage of total XP
 D = Non-vault monster count
 E = Vault monster count
 F = Vault count percentage of total count
                 A         B        C        D         E       F
            +---------+---------+-------+---------+---------+-------
      Total |     105 |       4 |   3.7 |      33 |       2 |   5.7
            +---------+---------+-------+---------+---------+-------
        D:1 |      20 |       4 |  16.7 |      13 |       2 |  13.3
        D:2 |      16 |       0 |   0.0 |      12 |       0 |   0.0
        D:3 |      67 |       0 |   0.0 |       7 |       0 |   0.0
        D:4 |       2 |       0 |   0.0 |       1 |       0 |   0.0
            +---------+---------+-------+---------+---------+-------

Illustrated notes

Table legend:
 A = Kills in this place as a percentage of kills in entire the game.
 B = Kills by you in this place as a percentage of kills by you in the entire game.
 C = Kills by friends in this place as a percentage of kills by friends in the entire game.
 D = Other kills in this place as a percentage of other kills in the entire game.
 E = Experience gained in this place as a percentage of experience gained in the entire game.
 F = Experience gained in this place divided by the number of levels of this place that you have seen.
                   A       B       C       D       E      F
               +-------+-------+-------+-------+-------+----------------------
         Total | 100.0 | 100.0 |   N/A |   N/A | 100.0 |  27.2
       Dungeon | 100.0 | 100.0 |   N/A |   N/A | 100.0 |  27.2
               +-------+-------+-------+-------+-------+----------------------

Table legend: (Time is in decaauts)
 A = Elapsed time spent in this place.
 B = Non-inter-level travel time spent in this place.
 C = Inter-level travel time spent in this place.
 D = Time resting spent in this place.
 E = Time spent auto-exploring this place.
 F = Levels seen in this place.
 G = Mean time per level.
                   A        B        C        D        E       F      G
               +--------+--------+--------+--------+--------+-----+--------+
         Total |   2213 |   2127 |     86 |    358 |   1401 |   4 |  553.2 |
       Dungeon |   2213 |   2127 |     86 |    358 |   1401 |   4 |  553.2 |
               +--------+--------+--------+--------+--------+-----+--------+

Top non-repeatable levels by time:
     D:1: 959 daAuts
     D:2: 784 daAuts
     D:3: 458 daAuts
     D:4: 10 daAuts
